 Dungeon Crawl Stone Soup version 0.23.2-1-ga50397a (webtiles) character file.

Game seed: 3853407995525979151

310 Fang the Skirmisher (level 6, -1/39 HPs)
             Began as a Gargoyle Berserker on Apr 24, 2019.
             Was a Priest of Trog.
             Slain by an iron imp (4 damage)
             ... summoned by Eustachio
             ... on level 4 of the Dungeon.
             The game lasted 00:02:56 (2312 turns).

Fang the Skirmisher (Gargoyle Berserker)            Turns: 2312, Time: 00:02:56

Health: -1/39      AC: 13    Str: 22      XL:     6   Next: 41%
Magic:  6/6        EV:  9    Int:  8      God:    Trog [***...]
Gold:   107        SH:  0    Dex:  8 (9)  Spells: 5/5 levels left

rFire    . . .     SeeInvis .   t - +2 hand axe (flame)
rCold    . . .     Gourm    .   (no shield)
rNeg     + . .     Faith    .   b - +0 chain mail
rPois    ∞         Spirit   .   (no helmet)
rElec    +         Reflect  .   q - scarf {cloud immunity}
rCorr    .         Harm     .   (no gloves)
MR       ++...                  (no boots)
Stlth    ..........             (no amulet)
HPRegen  1.13/turn              (no ring)
MPRegen  0.10/turn              (no ring)

@: regenerating
A: negative energy resistance 1, electricity resistance, unbreathing,
petrification resistance, rot immunity, AC +4
a: Berserk, Trog's Hand, Renounce Religion


You were on level 4 of the Dungeon.
You worshipped Trog.
Trog was most pleased with you.
You were not hungry.

You visited 1 branch of the dungeon, and saw 4 of its levels.

You collected 107 gold pieces.

Inventory:

Hand Weapons
 a - a +0 hand axe
 t - a +2 hand axe of flaming (weapon)
Armour
 b - a +0 chain mail (worn)
 q - a scarf of cloud immunity (worn)
Scrolls
 d - 3 scrolls of teleportation {unknown}
 f - 4 scrolls of remove curse {unknown}
 g - 3 scrolls of identify {unknown}
 i - a scroll of enchant weapon {unknown}
 j - a scroll of immolation {unknown}
 m - 4 scrolls of blinking {unknown}
 p - 2 scrolls of enchant armour {unknown}
Potions
 e - a potion of mutation {unknown}
 k - a potion of haste {unknown}
 l - a potion of degeneration {unknown}
 n - 2 potions of might {unknown}
 o - a potion of agility {unknown}
 r - 2 potions of curing {unknown}
 s - a potion of flight {unknown}
Comestibles
 c - 5 rations
 h - 9 chunks of flesh


   Skills:
 + Level 4.7 Fighting
 + Level 3.9 Axes
 + Level 4.0 Armour
 + Level 2.9 Dodging


You had 5 spell levels left.
You didn't know any spells.
Your spell library was empty.

Dungeon Overview and Level Annotations

Branches:
Dungeon (4/15)
 Temple: D:4-7

Altars:
Gozag
Ru

Annotations:
D:4 Eustachio


Innate Abilities, Weirdness & Mutations

You are resistant to torment.
Your stone body is resilient. (AC +4)
You are immune to poison.
You resist negative energy. (rN+)
You are resistant to electric shocks. (rElec)
You can survive without breathing.
You are immune to petrification.
You are immune to rotting.


Message History

Eustachio is heavily wounded.
You closely miss the quokka. You hit the white imp but do no damage.
You closely miss the iron imp. You hit the river rat. You burn the river rat.
The river rat disappears in a puff of smoke! x2
The bat hits you. The bat hits you but does no damage.
The iron imp hits you but does no damage.
The white imp gestures at you. The puff of frost hits you!
* * * LOW HITPOINT WARNING * * *
The quokka barely misses you. Eustachio hits you but does no damage.
You barely miss Eustachio.
Eustachio is heavily wounded.
Your chain mail prevents you from hitting the bat.
You hit the iron imp but do no damage. You hit the white imp but do no damage.
You hit the quokka. You burn the quokka. The bat hits you.
* * * LOW HITPOINT WARNING * * *
The bat misses you. The quokka bites you.
* * * LOW HITPOINT WARNING * * *
The iron imp hits you.
You die...

#..#.#.##.....
#..#.#.##8...8
#......# ##_##
#.##...## ##
#....# ....#...##
# .....###5b# .#
.....
#b@####.#### ....
#5@r#.......
......##..5..#
.......?..##
..####....†..#
...............
...$............
.................
(................
.................


You could see Eustachio, 2 iron imps, a white imp, a quokka and 2 bats.

Vanquished Creatures
  An orc priest (D:4)
  An iguana (D:4)
  An orc wizard (D:4)
  A worker ant (D:3)
  3 gnolls (D:2)
  9 adders
  A river rat (D:3)
  5 worms
  A dart slug (D:1)
  2 leopard geckos
  6 orcs
  3 giant cockroaches
  3 goblins (D:3)
  5 hobgoblins
  2 jackals (D:2)
  3 kobolds
  A ball python (D:3)
  10 bats
  2 frilled lizards
  13 rats
73 creatures vanquished.

Notes
Turn   | Place    | Note
-------+----------+-------------------------------------------
     0 | D:1      | Fang the Gargoyle Berserker began the quest for the Orb.
     0 | D:1      | Reached XP level 1. HP: 14/14 MP: 1/1
   399 | D:1      | Reached XP level 2. HP: 19/19 MP: 2/2
  1034 | D:2      | Reached XP level 3. HP: 24/24 MP: 3/3
  1165 | D:2      | Reached XP level 4. HP: 26/29 MP: 4/4
  1539 | D:3      | Reached ** piety under Trog
  1620 | D:3      | Reached XP level 5. HP: 24/33 MP: 5/5
  2238 | D:4      | Reached *** piety under Trog
  2238 | D:4      | Reached XP level 6. HP: 39/39 MP: 6/6
  2268 | D:4      | Found a sacrificial altar of Ru.
  2271 | D:4      | Found an opulent altar of Gozag.
  2282 | D:4      | Noticed Eustachio
  2312 | D:4      | Slain by an iron imp

Skill      XL: |  1  2  3  4  5  6 |
---------------+-------------------+-----
Axes           | 3 |  3.9
Dodging        | 2 |  2.9
Armour         | 3 4 |  4.0
Fighting       | 4 |  4.7

Action                   |  1- 3 |  4- 6 || total
-------------------------+-------+-------++-------
Melee: Hand axe          |    65 |   221 ||   286
Invok: Berserk           |     1 |       ||     1
       Trog's Hand       |       |     1 ||     1
  Eat: Chunk             |     2 |     4 ||     6
Armor: Animal skin       |     7 |       ||     7
       Chain mail        |    32 |   224 ||   256
Dodge: Dodged            |    34 |   150 ||   184
